 Dungeon Crawl Stone Soup version 0.22-a0-880-gb7b0c8b (webtiles) character file.

48 jjfam the Chopper (level 3, -2/34 HPs)
             Began as a Minotaur Berserker on July 30, 2018.
             Was a Follower of Trog.
             Slain by a goblin (5 damage)
             ... led by Robin
             ... on level 2 of the Dungeon.
             The game lasted 00:02:05 (567 turns).

jjfam the Chopper (Minotaur Berserker)               Turns: 567, Time: 00:02:06

Health: -2/34      AC:  2    Str: 22    XL:     3   Next: 50%
Magic:  2/2        EV: 12    Int:  4    God:    Trog [*.....]
Gold:   13         SH:  0    Dex:  9    Spells: 2/2 levels left

rFire    . . .     SeeInvis .   a - +0 hand axe
rCold    . . .     Gourm    .   (no shield)
rNeg     . . .     Faith    .   b - +0 animal skin
rPois    .         Spirit   .   (helmet restricted)
rElec    .         Reflect  .   (no cloak)
rCorr    .         Harm     .   (no gloves)
MR       .....                  (no boots)
Stlth    +.........             (no amulet)
HPRegen  0.11/turn              (no ring)
MPRegen  0.08/turn              (no ring)

@: berserk cooldown, slowed, very slow
A: retaliatory headbutt, horns 2
a: Berserk, Renounce Religion


You were on level 2 of the Dungeon.
You worshipped Trog.
Trog was aware of your devotion.
You were hungry.

You visited 1 branch of the dungeon, and saw 2 of its levels.

You collected 13 gold pieces.

Inventory:

Hand Weapons
 a - a +0 hand axe (weapon)
Armour
 b - a +0 animal skin (worn)
Scrolls
 h - a scroll of random uselessness {unknown}
Potions
 e - 2 potions of curing {unknown}
 f - 2 potions of agility {unknown}
 g - 2 potions of magic {unknown}
Comestibles
 c - 2 rations
 d - 6 chunks of flesh


   Skills:
 + Level 4.4 Fighting
 + Level 4.5 Axes
 + Level 2.8 Armour
 + Level 2.5 Dodging


You had 2 spell levels left.
You didn't know any spells.
Your spell library was empty.

Dungeon Overview and Level Annotations

Branches:
Dungeon (2/15)

Altars:
Wu Jian
The Shining One


Innate Abilities, Weirdness & Mutations

You reflexively headbutt those who attack you in melee.
You have a pair of horns on your head.


Message History

The hobgoblin closely misses you. You furiously retaliate!
You headbutt the hobgoblin!
You kill the hobgoblin!
Trog accepts your kill. The goblin hits you.
* * * LOW HITPOINT WARNING * * *
You are too injured to fight recklessly!
You are too injured to fight recklessly!
You are too injured to fight recklessly!
You are too injured to fight recklessly!
You are too injured to fight recklessly!
You are too injured to fight recklessly!
You closely miss the goblin.
A kobold comes into view.
The goblin barely misses you.
The kobold shouts!
You hit the goblin.
The goblin is moderately wounded.
The goblin hits you.
You die...

... . . ..... ....
.... #.... #..
......##### #.#
..........###.# #.#
......##g.)#).# #.#
#.....†@).†)#.######.#
#....#)#)..#......##.#
#.. ....#.###.###.##.#
. ...#.#..###.# #.##(#
#.#K##.##.##..#
#.##.### # #. #.
#..#.####.##.... # #.
#.##.##.....#### #.
#.##.##......##
#.##.......#


You could see a goblin and a kobold.

Vanquished Creatures
  Robin (D:2)
  A dart slug (D:1)
  2 leopard geckos
  A bat (D:2)
  2 giant cockroaches
  8 goblins
  5 hobgoblins
  2 jackals (D:2)
  2 kobolds
  6 rats
30 creatures vanquished.

Notes
Turn   | Place    | Note
-------+----------+-------------------------------------------
     0 | D:1      | jjfam the Minotaur Berserker began the quest for the Orb.
     0 | D:1      | Reached XP level 1. HP: 19/19 MP: 0/0
   169 | D:1      | Reached XP level 2. HP: 16/27 MP: 1/1
   339 | D:1      | You fall through a shaft!
   400 | D:2      | Found a glowing golden altar of the Shining One.
   446 | D:2      | Found an ornate altar of the Wu Jian Council.
   550 | D:2      | Noticed Robin
   557 | D:2      | Reached XP level 3. HP: 33/33 MP: 2/2
   561 | D:2      | Killed Robin
   567 | D:2      | Slain by a goblin

Vault maps used:
D:1:      evilmike_arrival_hilbert_curve
D:2:      minmay_wonky_spiral, lemuel_crystal_altar, tso_oasis_becter,
          fedhas_altar_2, grunt_temple_overflow_diamond, uniq_robin,
          uniq_sigmund

Skill      XL: |  1  2 |
---------------+-------+-----
Fighting       | 4 |  4.4
Axes           | 4 |  4.5
Armour         | |  2.8
Dodging        | |  2.5

Action                   || total
-------------------------++-------
Melee: Hand axe          ||    48
       Headbutt          ||     8
Invok: Berserk           ||     2
Armor: Animal skin       ||    16
Dodge: Dodged            ||    36

Table legend:
 A = Spawn XP
 B = Non-spawn XP
 C = Spawn XP percentage of total XP
 D = Spawn monster count
 E = Non-spawn monster count
 F = Spawn count percentage of total count
 G = Total turns spent on level
                    A         B        C        D         E        F      G
               +---------+---------+-------+---------+---------+-------+---------
         Total |       0 |      69 |   0.0 |       0 |      30 |   0.0 |   567
               +---------+---------+-------+---------+---------+-------+---------
           D:1 |       0 |      17 |   0.0 |       0 |       9 |   0.0 |   339
           D:2 |       0 |      52 |   0.0 |       0 |      21 |   0.0 |   228
               +---------+---------+-------+---------+---------+-------+---------
